[Event "Team 45 45 League T63"]
[Site "Internet Chess Club"]
[Date "2014.12.13"]
[Round "3"]
[White "zepled37"]
[Black "Jyzzslynggur"]
[Result "0-1"]
[WhiteElo "1660"]
[BlackElo "1735"]
[Opening "Scandinavian: Pytel-Wade variation"]
[ECO "B01"]
[Time "17:10:10"]
[TimeControl "2700+45"]

1. e4 d5 2. exd5 Qxd5 3. Nc3 Qd6 4. d4 Nf6 5. Nf3 c6 6. h3 Bf5 7. Bd3 Bxd3 8.
Qxd3 Nbd7 9. Bg5 g6 10. O-O Bg7 11. Rfe1 O-O 12. Rad1 Rfe8 13. Bh4 Qc7 14. Bg3
Qb6 15. Kh1 Nh5 16. Bh2 Rad8 17. Ne5 Qb4 18. Qc4 Qxc4 19. Nxc4 Nf8 20. Ne2 Ne6
21. c3 Nf6 22. Nf4 Nxf4 23. Bxf4 Nd5 24. Bg3 Rd7 25. Ne3 a5 26. Nxd5 Rxd5 27.
Re4 c5 28. Rde1 cxd4 29. cxd4 e6 30. Kg1 Bxd4 31. Be5 Red8 32. Bxd4 Rxd4 33.
Rxd4 Rxd4 34. Re5 Rd5 35. Re2 Kg7 36. g3 Kf6 37. Kg2 b6 38. Rc2 Rc5 39. Re2 e5
40. Rd2 Ke6 41. Re2 f5 42. h4 e4 43. f3 Ke5 44. fxe4 fxe4 45. Kf2 Rc1 46. Rd2 h5
47. Ke3 Rg1 48. Kf2 e3+ 49. Kxe3 Rxg3+ 50. Kf2 Rh3 51. Re2+ Kf4 52. Re6 Rh2+ 53.
Ke1 Rxh4 54. Rxg6 Ke3 55. Re6+ Kf3 56. Rxb6 Kg2 57. Rc6 Re4+ 58. Kd2 h4 59. Rc2
h3 60. Kd3+ Kf3 61. Rh2 Rh4 62. b3 Kg3 63. Re2 h2 64. Re3+ Kf2 65. Re2+ Kf1 66.
Rxh2 Rxh2 67. b4 axb4 68. Kc4 Rb2 {White resigns} 0-1

[Event "Team 45 45 League T63"]
[Site "Internet Chess Club"]
[Date "2014.12.14"]
[Round "3"]
[White "kingphisch"]
[Black "GoIrish"]
[Result "1/2-1/2"]
[WhiteElo "1513"]
[BlackElo "1580"]
[Opening "Scandinavian (center counter) defense"]
[ECO "B01"]
[Time "12:30:36"]
[TimeControl "2700+45"]

1. e4 d5 2. exd5 Qxd5 3. Nf3 Nf6 4. d4 Bg4 5. Be2 e6 6. Nc3 Qa5 7. O-O c6 8. h3
Bh5 9. Ne5 Bxe2 10. Qxe2 Nbd7 11. f4 Be7 12. Bd2 Qb6 13. Qd3 Nxe5 14. fxe5 Nd7
15. Rab1 Nxe5 16. Qe3 Nc4 17. Qf4 Bf6 18. Ne2 Nxd2 19. Qxd2 O-O-O 20. c3 e5 21.
Rbd1 exd4 22. cxd4 Rd7 23. Rf3 Rhd8 24. Rd3 h5 25. b4 g5 26. a4 g4 27. a5 Qb5
28. hxg4 hxg4 29. Kf1 Bg5 30. Qc3 Qf5+ 31. Kg1 Qg6 32. Qc5 Qd6 33. Qxg5 Qxb4 34.
Qe5 Re7 35. Qf5+ Rdd7 36. Qxg4 Qxa5 37. Qg8+ Rd8 38. Qg4+ Rdd7 39. Qg8+ Rd8 40.
Qg4+ Rdd7 41. Qg8+ Rd8 {Game drawn by repetition} 1/2-1/2

[Event "Team 45 45 League T63"]
[Site "Internet Chess Club"]
[Date "2014.12.10"]
[Round "3"]
[White "QuieroAprender"]
[Black "drsigmund1"]
[Result "1-0"]
[WhiteElo "1612"]
[BlackElo "1495"]
[Opening "English opening"]
[ECO "A13"]
[Time "19:00:15"]
[TimeControl "2700+45"]

1. c4 e6 2. Nf3 f5 3. d4 b6 4. Nc3 Bb4 5. a3 Bxc3+ 6. bxc3 Nf6 7. Bg5 O-O 8. g3
Bb7 9. Bg2 d6 10. O-O Nbd7 11. Qc2 Qe8 12. Rfe1 Ne4 13. Bc1 a5 14. Ng5 Qg6 15.
f4 h6 16. Nxe4 fxe4 17. e3 d5 18. cxd5 exd5 19. c4 c6 20. Rb1 Rac8 21. Bd2 Ba6
22. cxd5 Bd3 23. Qb3 cxd5 24. Qxd5+ Qf7 25. Qxf7+ Kxf7 26. Rbc1 Nf6 27. Bh3 Rc4
28. Rxc4 Bxc4 29. Rc1 b5 30. Bxa5 Nd5 31. Kf2 Ra8 32. Bb4 Ra4 33. Bg2 Bd3 34.
Bc5 Nf6 35. Bh3 Rc4 36. Rxc4 Bxc4 37. Bc8 g6 38. h3 h5 39. Ba6 Bd3 40. Ke1 Nd5
41. Kd2 Bf1 42. a4 Nc7 43. axb5 Nxa6 44. bxa6 Bxa6 45. d5 Bc8 46. h4 Bb7 47. d6
Ke6 48. Kc3 Bc6 49. Kd4 Kf5 50. Bb4 Kg4 51. Kc5 Bd7 52. Be1 Kf3 53. Kd5 Kxe3 54.
Ke5 Kf3 55. Kf6 Ke2 56. Ke7 Bf5 57. Bc3 Kf2 58. d7 Bxd7 59. Kxd7 Kxg3 60. Be1+
Kxf4 61. Ke6 e3 62. Kf6 Kf3 63. Kxg6 Kg4 64. Kh6 Kf3 65. Kxh5 {Black resigns}
1-0

[Event "Team 45 45 League T63"]
[Site "Internet Chess Club"]
[Date "2014.12.12"]
[Round "3"]
[White "smsxman"]
[Black "pcvan"]
[Result "0-1"]
[WhiteElo "1430"]
[BlackElo "1570"]
[Opening "Scandinavian (center counter) defense"]
[ECO "B01"]
[Time "08:13:04"]
[TimeControl "2700+45"]

1. e4 d5 2. exd5 Qxd5 3. d4 Qe4+ 4. Be3 Nf6 5. Nc3 Qg6 6. Nf3 Nc6 7. Nh4 Qg4 8.
g3 Qxd1+ 9. Nxd1 e5 10. Bb5 Bd7 11. c3 O-O-O 12. O-O exd4 13. Bxc6 Bxc6 14. Bxd4
Kb8 15. Ne3 Ne4 16. Rfe1 f6 17. Nc4 b6 18. a4 a5 19. Red1 Bc5 20. Nf5 Rd7 21. f3
Ng5 22. f4 Nf3+ 23. Kf2 Nxd4 24. cxd4 Rhd8 25. Ke3 g6 26. Nxa5 bxa5 27. Rdc1
Re8+ 28. Kf2 gxf5 29. Rxc5 Be4 30. Rxa5 Rxd4 31. Rc1 Rd2+ 32. Kg1 Rxb2 33. Rb5+
Rxb5 34. axb5 Kb7 35. Re1 Kb6 36. h3 Kxb5 37. g4 Rg8 38. Kf2 c5 39. gxf5 Bxf5
40. h4 c4 41. Rd1 Kb4 42. Ke3 c3 43. Rc1 Rd8 44. h5 c2 45. h6 Rd1 46. Rxc2 Bxc2
47. Ke2 {White resigns} 0-1

[Event "Team 45 45 League T63"]
[Site "Internet Chess Club"]
[Date "2014.12.14"]
[Round "3"]
[White "JOFRAN"]
[Black "Leon13"]
[Result "1-0"]
[WhiteElo "1429"]
[BlackElo "1429"]
[Opening "Philidor's defense"]
[ECO "C41"]
[Time "10:01:34"]
[TimeControl "2700+45"]

1. e4 e5 2. Nf3 d6 3. h3 Nf6 4. Bd3 Nc6 5. O-O Be7 6. Bb5 O-O 7. Re1 h6 8. c3 a6
9. Ba4 Nh7 10. d4 exd4 11. cxd4 Ng5 12. Nc3 Nxf3+ 13. Qxf3 Nxd4 14. Qd3 Nc6 15.
Bc2 Ne5 16. Qe3 Bf6 17. Nd5 Bg5 18. Qc3 c6 19. Nf4 Qf6 20. Nh5 Qg6 21. Bxg5 Qxg5
22. Ng3 Re8 23. Rad1 Re6 24. Rd2 Rg6 25. Red1 h5 26. Rxd6 Rxd6 27. Rxd6 h4 28.
Nf5 Ng6 29. Qxg7# {Black checkmated} 1-0

[Event "Team 45 45 League T63"]
[Site "Internet Chess Club"]
[Date "2014.12.13"]
[Round "3"]
[White "oldbookseller"]
[Black "olivermx"]
[Result "1/2-1/2"]
[WhiteElo "1079"]
[BlackElo "1353"]
[Opening "Colle system"]
[ECO "D05"]
[Time "13:00:46"]
[TimeControl "2700+45"]

1. d4 d5 2. Nf3 Nf6 3. e3 e6 4. Bd3 c5 5. c3 Nc6 6. Nbd2 Be7 7. O-O O-O 8. Re1
c4 9. Bc2 Bd6 10. e4 dxe4 11. Nxe4 Bd7 12. Nxf6+ Qxf6 13. Qe2 Rfe8 14. Qe4 g6
15. Bh6 b5 16. a3 e5 17. d5 Bf5 18. Qe2 Ne7 19. Rad1 Bxc2 20. Qxc2 Rad8 21. Qe4
Qf5 22. Ng5 Qxe4 23. Nxe4 Nf5 24. Nf6+ Kh8 25. g4 Nxh6 26. g5 Rf8 27. gxh6 Be7
28. Ne4 f5 29. d6 Bf6 30. Nxf6 Rxf6 31. Rxe5 a6 32. d7 Rff8 33. Re6 Kg8 34. Rxa6
Kf7 35. Rb6 Ke7 36. Rxb5 Rxd7 37. Re1+ Kd8 38. Rc5 Re8 39. Ra1 Rd2 40. Rxc4 Ree2
41. Kg2 Rxf2+ 42. Kg3 Rg2+ 43. Kf4 Rgf2+ 44. Ke5 Rfe2+ 45. Kf6 Rd6+ 46. Kg7 Re7+
47. Kh8 Ke8 48. Rc8+ Rd8 49. Rxd8+ Kxd8 50. Rd1+ Ke8 51. b4 Kf7 52. Kxh7 Kf6+
53. Kg8 Re8+ 54. Kh7 Re7+ 55. Kg8 Re8+ 56. Kh7 Re7+ 57. Kh8 Re8+ 58. Kh7 Re7+
59. Kh8 {Game drawn by mutual agreement} 1/2-1/2

[Event "Team 45 45 League T63"]
[Site "Internet Chess Club"]
[Date "2014.12.11"]
[Round "3"]
[White "Invicta-Knight"]
[Black "tryanything"]
[Result "0-1"]
[WhiteElo "1527"]
[BlackElo "1540"]
[Opening "Sicilian: Grand Prix attack"]
[ECO "B23"]
[Time "04:06:56"]
[TimeControl "2700+45"]

1. e4 c5 2. Nc3 Nc6 3. f4 g6 4. Nf3 Bg7 5. Bc4 e6 6. O-O Nge7 7. Qe1 O-O 8. a3
b6 9. d3 d5 10. exd5 exd5 11. Ba2 Bb7 12. Qg3 Nf5 13. Qh3 Ncd4 14. Rf2 Nxf3+ 15.
Rxf3 d4 16. Ne4 Bd5 17. Bxd5 Qxd5 18. g4 Nd6 19. Nxd6 Qxd6 20. f5 Rae8 21. Bf4
Qc6 22. Raf1 Re2 23. Qh4 Rfe8 24. R1f2 Re1+ 25. Rf1 {White resigns} 0-1

[Event "Team 45 45 League T63"]
[Site "Internet Chess Club"]
[Date "2014.12.10"]
[Round "3"]
[White "GideonL"]
[Black "BrerRabbit"]
[Result "1-0"]
[WhiteElo "1645"]
[BlackElo "1509"]
[Opening "Réti: Wade defense"]
[ECO "B07"]
[Time "19:01:29"]
[TimeControl "2700+45"]

1. e4 d6 2. Nf3 Bg4 3. Be2 e6 4. O-O Nf6 5. Nc3 d5 6. e5 Nfd7 7. d4 c5 8. dxc5
Bxc5 9. Bf4 Nc6 10. h3 Bxf3 11. Bxf3 Ndxe5 12. Bxe5 Nxe5 13. Bxd5 exd5 14. Re1
f6 15. Qh5+ Kf8 16. Rxe5 fxe5 17. Qxe5 Qf6 18. Qxd5 Bxf2+ 19. Kh1 Bb6 20. Ne4
Qf7 21. Qd3 Qe7 22. Rf1+ Ke8 23. Nd6+ Kd7 24. Nf5+ Ke8 25. Nxe7 Kxe7 26. Re1+
Kf7 27. Qf5+ Kg8 28. Re7 Rf8 29. Qe6+ Rf7 30. Re8# {Black checkmated} 1-0

[Event "Team 45 45 League T63"]
[Site "Internet Chess Club"]
[Date "2014.12.14"]
[Round "3"]
[White "PsyMar"]
[Black "sdcohle"]
[Result "0-1"]
[WhiteElo "1283"]
[BlackElo "1380"]
[Opening "French: Rubinstein variation"]
[ECO "C10"]
[Time "15:00:35"]
[TimeControl "2700+45"]

1. e4 e6 2. d4 d5 3. Nc3 dxe4 4. Nxe4 Nd7 5. c4 Ngf6 6. Bd3 b6 7. Nf3 Bb7 8. Qc2
Be7 9. O-O Kf8 10. Bg5 h6 11. Bf4 Rc8 12. Rfe1 c5 13. Nxc5 bxc5 14. dxc5 Nxc5
15. Rad1 Qb6 16. Bf1 g6 {White resigns} 0-1

[Event "Team 45 45 League T63"]
[Site "Internet Chess Club"]
[Date "2014.12.15"]
[Round "3"]
[White "gtmorton"]
[Black "RamRock"]
[Result "1-0"]
[WhiteElo "1897"]
[BlackElo "1684"]
[Opening "Dutch"]
[ECO "A80"]
[Time "17:30:34"]
[TimeControl "2700+45"]

1. d4 f5 2. Bf4 Nf6 3. Nf3 e6 4. e3 d6 5. c4 Be7 6. Be2 O-O 7. Nc3 Qe8 8. Qc2
Nc6 9. a3 Bd8 10. h3 e5 11. dxe5 dxe5 12. Bg3 e4 13. Nd2 Ne5 14. O-O-O c6 15.
Kb1 Bd7 16. Rhg1 b5 17. cxb5 cxb5 18. Nxb5 Rc8 19. Nd6 Rxc2 20. Nxe8 Rc6 21.
Bxe5 Rxe8 22. Bc3 Be7 23. g4 Nd5 24. Bd4 Rb8 25. Bc4 Be6 26. gxf5 Bf7 27. Rxg7+
Kf8 28. Rxf7+ {Black resigns} 1-0

[Event "Team 45 45 League T63"]
[Site "Internet Chess Club"]
[Date "2014.12.14"]
[Round "3"]
[White "Timotheous"]
[Black "fkramer"]
[Result "1/2-1/2"]
[WhiteElo "1677"]
[BlackElo "1827"]
[Opening "Réti opening"]
[ECO "A13"]
[Time "10:02:21"]
[TimeControl "2700+45"]

1. Nf3 e6 2. c4 f5 3. g3 Nf6 4. Bg2 c6 5. O-O d5 6. b3 Bd6 7. Bb2 O-O 8. d3 Qe7
9. Ne5 Nbd7 10. f4 Bc7 11. Ba3 Bd6 12. Bb2 Bc7 13. Ba3 Bd6 14. Bb2 {Game drawn
by repetition} 1/2-1/2

[Event "Team 45 45 League T63"]
[Site "Internet Chess Club"]
[Date "2014.12.15"]
[Round "3"]
[White "freakypawn"]
[Black "hewdondada"]
[Result "0-1"]
[WhiteElo "1765"]
[BlackElo "1751"]
[Opening "QGD Slav: Dutch variation"]
[ECO "D18"]
[Time "21:19:46"]
[TimeControl "2700+45"]

1. d4 d5 2. c4 c6 3. Nf3 Nf6 4. Nc3 dxc4 5. a4 Bf5 6. e3 e6 7. Bxc4 Bb4 8. O-O
Nbd7 9. Nh4 Bg6 10. Qb3 a5 11. Nxg6 hxg6 12. h3 Qc7 13. e4 Bxc3 14. bxc3 Nxe4
15. Bxe6 O-O 16. Bc4 Nef6 17. Re1 Nb6 18. Bd3 Rfe8 19. Bd2 Kh7 20. c4 Nbd7 21.
Rab1 Rab8 22. Rxe8 Rxe8 23. Qxb7 Qd6 24. Qb2 Rb8 25. Qc3 Ra8 26. Rb7 Kg8 27. Be2
Ne4 28. Qb2 Nxd2 29. Qxd2 Nc5 30. Rb2 Nxa4 31. Ra2 Qb4 32. d5 cxd5 33. cxd5 Nc3
34. Rb2 Nxe2+ 35. Qxe2 Qd6 36. Qb5 a4 37. Qc6 Ra6 38. Qc8+ Kh7 39. Rb8 g5 40.
Qc2+ Qg6 41. Qc8 Qd6 42. g4 a3 43. Qh8+ Kg6 44. Rg8 Qe5 45. Qh5+ Kf6 46. Qh7 Ke7
47. Rxg7 Rf6 48. Qd3 Qe1+ {White resigns} 0-1

[Event "Team 45 45 League T63"]
[Site "Internet Chess Club"]
[Date "2014.12.13"]
[Round "3"]
[White "OGO"]
[Black "Cronan"]
[Result "0-1"]
[WhiteElo "1571"]
[BlackElo "1610"]
[Opening "Caro-Kann: Panov-Botvinnik attack"]
[ECO "B13"]
[Time "14:01:58"]
[TimeControl "2700+45"]

1. e4 c6 2. d4 d5 3. exd5 cxd5 4. c4 Nf6 5. Nc3 Be6 6. c5 a6 7. b4 Nc6 8. a3 g6
9. Nf3 Bg7 10. Be2 O-O 11. O-O Bg4 12. Be3 Bxf3 13. Bxf3 e6 14. Qc2 Ne8 15. Qd2
Nc7 16. Be2 Re8 17. a4 e5 18. b5 exd4 19. bxc6 dxc3 20. Qc2 bxc6 21. Rfd1 d4 22.
Bf4 Nd5 23. Bg3 Qe7 24. Bf3 Nb4 25. Qb3 Qxc5 {White resigns} 0-1

[Event "Team 45 45 League T63"]
[Site "Internet Chess Club"]
[Date "2014.12.11"]
[Round "3"]
[White "LazyPeon"]
[Black "lacibacsi"]
[Result "0-1"]
[WhiteElo "1770"]
[BlackElo "2011"]
[Opening "King's Indian: fianchetto, Panno variation"]
[ECO "E63"]
[Time "14:30:45"]
[TimeControl "2700+45"]

1. d4 Nf6 2. c4 g6 3. g3 Bg7 4. Bg2 O-O 5. Nc3 d6 6. Nf3 Nc6 7. O-O a6 8. Qd3
Nd7 9. e4 e5 10. d5 Nd4 11. Be3 Qf6 12. Bxd4 exd4 13. Ne2 Nc5 14. Qxd4 Qe7 15.
e5 dxe5 16. Qe3 Re8 17. Nc3 e4 18. Nd2 f5 19. f3 exf3 20. Qxe7 Bd4+ 21. Rf2 Rxe7
22. Nxf3 Bxf2+ 23. Kxf2 Nd3+ {White resigns} 0-1

[Event "Team 45 45 League T63"]
[Site "Internet Chess Club"]
[Date "2014.12.12"]
[Round "3"]
[White "Tobiasdelmonte"]
[Black "GivePeasAChance"]
[Result "1-0"]
[WhiteElo "1845"]
[BlackElo "1791"]
[Opening "Queen's pawn game"]
[ECO "A46"]
[Time "22:00:33"]
[TimeControl "2700+45"]

1. d4 Nf6 2. Nf3 e6 3. Bf4 c5 4. c3 Nc6 5. e3 d5 6. Nbd2 Bd6 7. Bg3 O-O 8. Bd3
Re8 9. Ne5 Qc7 10. f4 Nd7 11. Bxh7+ Kf8 12. O-O Ndxe5 13. fxe5 Be7 14. Qh5
{Black resigns} 1-0

[Event "Team 45 45 League T63"]
[Site "Internet Chess Club"]
[Date "2014.12.11"]
[Round "3"]
[White "Nathan-L"]
[Black "FourKnights"]
[Result "1/2-1/2"]
[WhiteElo "1769"]
[BlackElo "1869"]
[Opening "English: symmetrical variation"]
[ECO "A30"]
[Time "18:11:22"]
[TimeControl "2700+45"]

1. c4 c5 2. Nf3 Nf6 3. e3 g6 4. d4 cxd4 5. exd4 d5 6. Nc3 Bg7 7. Be3 O-O 8. Bd3
dxc4 9. Bxc4 a6 10. O-O b5 11. Be2 Bb7 12. Qb3 Nd5 13. Nxd5 Bxd5 14. Qd3 Nc6 15.
a3 Bc4 16. Qd2 Bxe2 17. Qxe2 Qd5 18. Rfd1 Rac8 19. Qd2 Rfd8 20. Rac1 Na7 21.
Rxc8 Rxc8 22. Rc1 Rxc1+ 23. Qxc1 Nc6 24. Qd2 e5 25. dxe5 Qxd2 26. Bxd2 Nxe5 27.
Nxe5 Bxe5 28. b3 Kf8 29. Kf1 Ke7 30. Ke2 Kd6 31. f4 Bb2 32. a4 Kd5 33. Kd3 f5
34. h3 h5 35. Be3 bxa4 36. bxa4 Bf6 37. Ba7 Ba1 {Game drawn by mutual agreement}
1/2-1/2

[Event "Team 45 45 League T63"]
[Site "Internet Chess Club"]
[Date "2014.12.16"]
[Round "3"]
[White "amicusUK"]
[Black "mattp108"]
[Result "1-0"]
[WhiteElo "1660"]
[BlackElo "1717"]
[Opening "Queen's pawn: Yusupov-Rubinstein system"]
[ECO "A46"]
[Time "10:04:27"]
[TimeControl "2700+45"]

1. d4 Nf6 2. Nf3 e6 3. e3 c5 4. Bd3 cxd4 5. exd4 b6 6. O-O Bb7 7. Qe2 Be7 8. c3
O-O 9. Re1 d5 10. Ne5 Nc6 11. Bf4 Nxe5 12. Bxe5 Nd7 13. Bf4 Nf6 14. Nd2 Rc8 15.
Qf3 Qd7 16. a4 Bc6 17. Bc2 Rfd8 18. Qh3 h6 19. Bxh6 Ne4 20. Nxe4 dxe4 21. Bf4 f5
22. f3 exf3 23. Rxe6 Qxe6 24. Bxf5 f2+ 25. Kxf2 Bh4+ 26. Kg1 Qf6 27. Be6+ {Black
resigns} 1-0

[Event "Team 45 45 League T63"]
[Site "Internet Chess Club"]
[Date "2014.12.11"]
[Round "3"]
[White "Heian"]
[Black "thecube"]
[Result "0-1"]
[WhiteElo "1798"]
[BlackElo "1883"]
[Opening "Giuoco Pianissimo: Italian four knights variation"]
[ECO "C50"]
[Time "18:31:19"]
[TimeControl "2700+45"]

1. e4 e5 2. Nf3 Nc6 3. Bc4 Bc5 4. Nc3 Nf6 5. d3 O-O 6. O-O h6 7. a3 a5 8. h3 Re8
9. Nd5 a4 10. Be3 Ba7 11. Qd2 Nxd5 12. Bxd5 Ne7 13. Ba2 Ng6 14. Bxh6 gxh6 15.
Qxh6 Qf6 16. Ng5 Re7 17. Rae1 Qg7 18. Qh5 Nf4 19. Qh4 d5 20. g3 Ng6 21. Qh5 Kf8
22. Re3 Bxe3 23. fxe3 f6 24. Bxd5 Ke8 25. Bf7+ Rxf7 26. Nxf7 Kxf7 27. d4 Ra5 28.
g4 b6 29. g5 exd4 30. Qe2 Ba6 31. Qg4 Bxf1 32. Qd7+ Ne7 33. Kxf1 Rxg5 34. exd4
Rg1+ 35. Ke2 Qg2+ 36. Kd3 Qf1+ 37. Kc3 Rg3+ 38. Kb4 Qe1+ 39. c3 Qxe4 40. Qxa4
c5+ 41. Kb3 Qxd4 42. Qb5 Qd1+ 43. Ka2 Qd5+ 44. c4 Qd6 45. Qa4 Rxh3 46. Qd1
{White resigns} 0-1

[Event "Team 45 45 League T63"]
[Site "Internet Chess Club"]
[Date "2014.12.12"]
[Round "3"]
[White "nikenwidiartto"]
[Black "Portola"]
[Result "0-1"]
[WhiteElo "1856"]
[BlackElo "1839"]
[Opening "French: Two knights variation"]
[ECO "C00"]
[Time "01:00:42"]
[TimeControl "2700+45"]

1. e4 e6 2. Nf3 d5 3. Nc3 dxe4 4. Nxe4 Be7 5. d4 Nf6 6. Bd3 Nbd7 7. O-O b6 8.
Qe2 Bb7 9. c3 O-O 10. Nxf6+ Nxf6 11. Bg5 c5 12. dxc5 bxc5 13. Rad1 Qc7 14. Ne5
Rad8 15. Rfe1 a5 16. Bb5 Rxd1 17. Rxd1 Rd8 18. Rxd8+ Qxd8 19. Nc6 Bxc6 20. Bxc6
Qd6 21. Bf3 h6 22. Bh4 Qd7 23. Qd1 Qb5 24. b3 Qb6 25. c4 Qb4 26. Be2 Qc3 27. Bd3
Qd4 28. Bg3 Ne4 29. Qc2 Nxg3 30. hxg3 Bd6 31. Kh1 Qa1+ 32. Kh2 Qd4 33. Qe2 h5
34. Qf3 g6 35. a4 h4 36. Qe4 hxg3+ 37. fxg3 Qh8+ 38. Kg1 Bxg3 39. Qa8+ Kh7 40.
Qe4 Qf6 41. Qf3 Qd4+ 42. Kf1 Qa1+ 43. Bb1 Qxb1+ 44. Ke2 Qc2+ 45. Ke3 Qxb3+
{White resigns} 0-1

[Event "Team 45 45 League T63"]
[Site "Internet Chess Club"]
[Date "2014.12.11"]
[Round "3"]
[White "kabindra"]
[Black "Schachteufel"]
[Result "0-1"]
[WhiteElo "1719"]
[BlackElo "1695"]
[Opening "Scotch gambit: Dubois-Réti defense"]
[ECO "C55"]
[Time "11:13:42"]
[TimeControl "2700+45"]

1. e4 e5 2. Nf3 Nc6 3. Bc4 Nf6 4. d4 exd4 5. e5 d5 6. Bb5 Ne4 7. Nxd4 Bd7 8.
Bxc6 bxc6 9. O-O Bc5 10. Be3 O-O 11. f3 Ng5 12. c3 f6 13. exf6 Qxf6 14. Nd2 Rae8
15. Bf2 Rf7 16. N2b3 Bb6 17. a4 a5 18. Qd2 Qg6 19. Kh1 Qh5 20. Rae1 Rxe1 21.
Rxe1 c5 22. Ne2 Nxf3 23. gxf3 Qxf3+ 24. Kg1 Qxf2+ 25. Kh1 Qf3+ 26. Kg1 c4+ 27.
Nbd4 Qf2+ 28. Kh1 Bxd4 29. cxd4 Bg4 {White resigns} 0-1

[Event "Team 45 45 League T63"]
[Site "Internet Chess Club"]
[Date "2014.12.14"]
[Round "3"]
[White "CogitoErgoSum"]
[Black "jjmolina"]
[Result "0-1"]
[WhiteElo "1918"]
[BlackElo "1740"]
[Opening "Ruy Lopez: Berlin defense, open variation"]
[ECO "C67"]
[Time "14:02:26"]
[TimeControl "2700+45"]

1. e4 e5 2. Nf3 Nc6 3. Bb5 Nf6 4. O-O Nxe4 5. d4 Nd6 6. Bxc6 dxc6 7. dxe5 Nf5 8.
Qxd8+ Kxd8 9. h3 Ke8 10. b3 h6 11. Bb2 Be6 12. Nbd2 Rd8 13. Rad1 Bb4 14. c3 Be7
15. c4 b6 16. Ne4 c5 17. Nc3 Rd7 18. Rxd7 Kxd7 19. g4 Nh4 20. Nxh4 Bxh4 21. f4
f5 22. exf6 Bxf6 23. f5 Bf7 24. Kg2 Re8 25. Rf2 a6 26. Rd2+ Kc6 27. a4 Re3 28.
Ne2 Bxb2 29. Rxb2 b5 30. Rc2 bxa4 31. bxa4 Re4 32. Kf3 Rxc4 33. Rxc4 Bxc4 34.
Nc3 Kb6 35. h4 Ka5 36. Ke4 Kb4 37. Nd1 Kxa4 38. Ne3 Bf7 39. g5 c4 40. Kd4 Kb3
41. Ng4 c3 42. Nxh6 c2 {White resigns} 0-1

[Event "Team 45 45 League T63"]
[Site "Internet Chess Club"]
[Date "2014.12.13"]
[Round "3"]
[White "Crazyblue86"]
[Black "bobhill"]
[Result "0-1"]
[WhiteElo "1759"]
[BlackElo "1983"]
[Opening "Catalan: closed, main line"]
[ECO "E09"]
[Time "10:03:30"]
[TimeControl "2700+45"]

1. d4 d5 2. c4 e6 3. Nf3 Be7 4. g3 Nf6 5. Bg2 O-O 6. O-O c6 7. Nbd2 Nbd7 8. Qc2
Re8 9. e4 dxe4 10. Nxe4 Nxe4 11. Qxe4 Nf6 12. Qe2 h6 13. Rd1 Qa5 14. Bd2 Qh5 15.
h3 Nd7 16. b4 Bd6 17. Re1 f5 18. Ne5 Qxe2 19. Rxe2 Nxe5 20. dxe5 Bf8 21. Bc3 Rd8
22. Rd2 Rxd2 23. Bxd2 Bd7 24. Rd1 Be8 25. Bc3 Kf7 26. f4 b6 27. Kf2 a5 28. b5
Rc8 29. Bd4 cxb5 30. Bxb6 Rxc4 31. Bxa5 Rc2+ 32. Rd2 Bc5+ 33. Ke2 Rc1 34. Rd1
Rc4 35. Bc7 Ra4 36. Rd2 b4 37. Kd1 Ra3 38. Bd6 Ba4+ 39. Ke1 Be3 40. Rb2 Bd4 41.
Rxb4 {White resigns} 0-1

[Event "Team 45 45 League T63"]
[Site "Internet Chess Club"]
[Date "2014.12.11"]
[Round "3"]
[White "misuc56"]
[Black "elmaestro"]
[Result "0-1"]
[WhiteElo "1770"]
[BlackElo "1810"]
[Opening "Dutch defense, Rubinstein variation"]
[ECO "A84"]
[Time "23:03:45"]
[TimeControl "2700+45"]

1. d4 f5 2. c4 e6 3. Nc3 Nf6 4. e3 Be7 5. Bd2 O-O 6. Nf3 b6 7. Be2 Bb7 8. h3 d6
9. O-O Nbd7 10. Rc1 Ne4 11. Nxe4 Bxe4 12. Bc3 Qe8 13. Nd2 Nf6 14. Nxe4 Nxe4 15.
Bf3 Nxc3 16. Rxc3 Rd8 17. a3 e5 18. d5 e4 19. Be2 Bf6 20. Rc2 g5 21. g3 Kh8 22.
Bh5 Qe5 23. Kg2 f4 24. exf4 gxf4 25. Bg4 f3+ 26. Kh2 h5 27. Be6 Bh4 28. Rg1 e3
29. fxe3 f2 30. Qd4 Qxd4 31. exd4 Bxg3+ 32. Rxg3 f1=Q 33. Rcg2 Rf2 34. Rxf2
Qxf2+ 35. Rg2 Qf4+ 36. Kh1 Rf8 37. c5 Qxd4 38. cxd6 cxd6 39. Rg1 Qe4+ {White
resigns} 0-1

[Event "Team 45 45 League T63"]
[Site "Internet Chess Club"]
[Date "2014.12.10"]
[Round "3"]
[White "pishd"]
[Black "Beetlejuice"]
[Result "1/2-1/2"]
[WhiteElo "1785"]
[BlackElo "1789"]
[Opening "Dutch"]
[ECO "A80"]
[Time "13:05:36"]
[TimeControl "2700+45"]

1. d4 f5 2. Nf3 Nf6 3. e3 g6 4. Be2 Bg7 5. O-O O-O 6. c4 d6 7. Nc3 Qe8 8. b4 e5
9. dxe5 Ng4 10. Nd5 Qf7 11. Ng5 Qd7 12. e6 Qe8 13. Rb1 Bf6 14. Nf3 Qd8 15. h3
Ne5 16. Nd4 Re8 17. Nxf6+ Qxf6 18. Bb2 Qe7 19. b5 Bxe6 20. Nxe6 Qxe6 21. Qd4 Re7
22. f4 Ned7 23. Qh8+ Kf7 24. Qxh7+ Ke8 25. Qh8+ Nf8 26. Rf3 Nd7 27. Qd4 Nc5 28.
Rd1 a6 29. Ba3 Ne4 30. Bb4 Nd7 31. a3 Rc8 32. Qh8+ Nf8 33. Qd4 Nd7 34. Qh8+ Nf8
35. Qd4 Nd7 {Game drawn by repetition} 1/2-1/2

[Event "Team 45 45 League T63"]
[Site "Internet Chess Club"]
[Date "2014.12.11"]
[Round "3"]
[White "Agarnez"]
[Black "nilobasenji"]
[Result "1-0"]
[WhiteElo "1932"]
[BlackElo "1818"]
[Opening "QGD: Marshall defense"]
[ECO "D06"]
[Time "17:16:58"]
[TimeControl "2700+45"]

1. d4 d5 2. c4 Nf6 3. cxd5 Nxd5 4. Nf3 c6 5. e4 Nf6 6. Nc3 e6 7. a3 Be7 8. Bd3
O-O 9. O-O Nbd7 10. Qe2 Nb6 11. e5 Nfd5 12. Qe4 g6 13. Ne2 Bd7 14. Bh6 Re8 15.
Rac1 Na4 16. Rc2 Rc8 17. Rfc1 Qb6 18. h4 f5 19. exf6 Nxf6 20. Qe3 Ng4 21. Qf4
Nxh6 22. Qxh6 Nxb2 23. Rb1 Bxa3 24. h5 Re7 25. hxg6 hxg6 26. Ne5 Be8 27. Bxg6
Rg7 28. Be4 Rcc7 29. Nc4 Nxc4 30. Rxb6 Nxb6 31. Nf4 Bf8 32. Kf1 Rg6 33. Qh5 Rh7
34. Qa5 Rh1+ 35. Ke2 Rf6 36. Qg5+ Bg7 37. Rc3 Nd5 38. Rf3 Nxf4+ 39. Rxf4 Rh5 40.
Qg3 Rxf4 41. Qxf4 e5 42. dxe5 Rxe5 43. Kd3 b5 44. Qh4 c5 45. Bh7+ Kf7 46. f4 c4+
47. Kd2 Re6 48. Qh5+ Ke7 49. Qc5+ Rd6+ 50. Kc2 a6 51. g4 Bd4 52. Qg5+ Bf6 53.
Qc5 Bd4 54. Qc7+ Rd7 55. Qc8 Rd6 56. Bf5 Kf8 57. Qc7 Rh6 58. Be4 Rh2+ 59. Kb1
Rh6 60. g5 Re6 61. Bf5 Re1+ 62. Kc2 Re2+ 63. Kd1 Re7 64. Qd6 Bh5+ 65. Kc2 Bg7
66. Be6 Bh8 67. f5 {Black resigns} 1-0

[Event "Team 45 45 League T63"]
[Site "Internet Chess Club"]
[Date "2014.12.14"]
[Round "3"]
[White "WillC"]
[Black "harishbn"]
[Result "1/2-1/2"]
[WhiteElo "1741"]
[BlackElo "1859"]
[Opening "King's Indian: Sämisch, 6...Nc6"]
[ECO "E83"]
[Time "10:31:52"]
[TimeControl "2700+45"]

1. d4 Nf6 2. c4 g6 3. Nc3 Bg7 4. e4 d6 5. f3 O-O 6. Be3 Nc6 7. Bd3 e5 8. d5 Nd4
9. Nge2 Nh5 10. O-O c5 11. dxc6 bxc6 12. Qd2 Be6 13. Rad1 f5 14. Bh6 Bxh6 15.
Qxh6 Nxe2+ 16. Nxe2 fxe4 17. fxe4 Qb6+ 18. Kh1 Qxb2 19. a4 Qb3 20. Rxf8+ Rxf8
21. Qd2 Bxc4 22. Bxc4+ Qxc4 23. Ng3 Nxg3+ 24. hxg3 Rf1+ 25. Rxf1 Qxf1+ 26. Kh2
Qf8 27. Qa5 Qh6+ 28. Kg1 Qe3+ 29. Kh2 Qb6 30. Qd2 Qc5 31. Qa2+ d5 32. Qb3 Qb6
33. Qa2 Qd4 34. exd5 cxd5 35. Qb3 Kg7 36. Qb7+ Kf6 37. a5 h5 38. Qc6+ Kg5 39.
Qe6 h4 40. Qe7+ Kh6 41. gxh4 Qf4+ 42. Kh3 Qf5+ 43. Kh2 Qf4+ 44. Kh3 Qf5+ 45. Kh2
Qf4+ {Game drawn by repetition} 1/2-1/2